 Dungeon Crawl Stone Soup version 0.23.2-40-g277498a001 (webtiles) character file.

Game seed: 6474006142832786436

5142 Frank2 the Cleaver (level 10, -5/81 HPs)
             Began as a Demigod Gladiator on Sept 14, 2019.
             Slain by a two-headed ogre
             ... wielding a +2 dire flail of protection
              (14 damage)
             ... on level 9 of the Dungeon.
             The game lasted 00:14:21 (7471 turns).

Frank2 the Cleaver (Demigod Gladiator)              Turns: 7471, Time: 00:14:21

Health: -5/81      AC: 14    Str: 17    XL:     10   Next: 11%
Magic:  14/14      EV: 13    Int: 12    God:
Gold:   628        SH:  0    Dex: 23    Spells: 9/9 levels left

rFire    . . .     SeeInvis .   a - +2 war axe
rCold    + . .     Gourm    .   (no shield)
rNeg     + . .     Faith    .   k - +1 scale mail {rC+}
rPois    .         Spirit   .   c - +2 helmet
rElec    .         Reflect  .   s - +0 cloak
rCorr    .         Harm     +   m - +0 pair of gloves
MR       +....                  (no boots)
Stlth    +.........             v - amulet of harm
HPRegen  0.23/turn              p - ring of positive energy
MPRegen  0.14/turn              (no ring)

@: no status effects
A: high mp 1
a: no special abilities


You were on level 9 of the Dungeon.
You were not hungry.

You visited 1 branch of the dungeon, and saw 9 of its levels.
You also visited: Sewer.

You collected 628 gold pieces.

Inventory:

Hand Weapons
 a - a +2 war axe (weapon)
Armour
 c - a +2 helmet (worn)
 k - a +1 scale mail of cold resistance (worn)
 m - a +0 pair of gloves (worn)
 s - a +0 cloak (worn)
 t - a scarf of spirit shield
Jewellery
 p - a ring of positive energy (left hand)
 v - an amulet of harm (around neck)
Wands
 d - a wand of polymorph (5)
 e - a wand of random effects (5)
 l - a wand of iceblast (5)
 o - a wand of scattershot (4)
Scrolls
 b - 7 scrolls of remove curse
 g - 3 scrolls of fog
 h - a scroll of identify
 i - 6 scrolls of teleportation
 r - a scroll of blinking
Potions
 j - 3 potions of ambrosia
 n - 3 potions of curing
 q - a potion of lignification
Comestibles
 f - 23 rations
 u - 3 chunks of flesh


   Skills:
 + Level 5.5 Fighting
 + Level 10.3 Axes
 - Level 1.8 Throwing
 * Level 7.0 Armour
 + Level 4.9 Dodging
 * Level 1.2 Evocations


You had 9 spell levels left.
You didn't know any spells.
Your spell library contained the following spells:

 Spells                   Type           Power        Failure   Level  Hunger
 Corona                   Hex            #......      67%         1    ##.....
 Slow                     Hex            #.......     82%         2    ###....
 Inner Flame              Hex/Fire       #.......     96%         3    ####...
 Portal Projectile        Hex/Tloc       #.....       96%         3    ####...
 Cause Fear               Hex            #.........   100%        4    #####..
 Leda's Liquefaction      Hex/Erth       #.........   100%        4    #####..


Dungeon Overview and Level Annotations

Branches:
Dungeon (9/15)             Temple (0/1) D:7
   Lair: D:8-11         Orc: D:9-12


Innate Abilities, Weirdness & Mutations

You have an increased reservoir of magic. (+10% MP)


Message History

The two-headed ogre barely misses you. x2
You hit the two-headed ogre.
The two-headed ogre is moderately wounded.
The two-headed ogre hits you with a +2 dire flail of protection!
The two-headed ogre hits you with a +0 giant club!
* * * LOW HITPOINT WARNING * * *
You slash the two-headed ogre!
The two-headed ogre is heavily wounded.
The two-headed ogre hits you with a +2 dire flail of protection!
* * * LOW HITPOINT WARNING * * *
The two-headed ogre barely misses you.
Evoke which item? (* to show all) (? for menu, Esc to quit)
Aiming: Polymorph
Press: ? - help, Shift-Dir - straight line, f/p - two-headed ogre
Aim: a two-headed ogre, wielding a +2 dire flail of protection and a +0 giant club (heavily wounded, chance to defeat MR: 32%)
The two-headed ogre easily resists.
The two-headed ogre hits you with a +2 dire flail of protection.
* * * LOW HITPOINT WARNING * * *
The two-headed ogre hits you with a +0 giant club!
You die...

...................#
######'###>.......+
###.# #........
##...# ##+######
#..### .# #.## ...
###'#### ##.#######
#....!.# ........<#
+...@..# .........#
#...O..# ..........
#..>...# .........#
#......# #######.##
#......+ ##..#
#......# #..##
#####+## ##.## ##..#
#(.##


You could see a two-headed ogre.

Vanquished Creatures
  Erica (D:9)
  Pikel (D:9)
  2 meliai (D:9)
  Grinder (D:4)
  A hungry ghost (D:8)
  2 ice beasts
  2 orc warriors
  2 slaves (D:9)
  A water moccasin (D:9)
  Purgy (Sewer)
  2 sky beasts (D:7)
  A black bear (D:7)
  A phantom (D:8)
  4 ogres
  4 centaurs
  3 bullfrogs
  3 scorpions
  4 wights (D:6)
  2 howler monkeys
  2 electric eels (D:6)
  4 hounds
  3 centaur skeletons
  4 orc priests
  Crazy Yiuf (D:3)
  4 jellies
  5 orc wizards
  Jessica (D:2)
  7 worker ants
  A hound skeleton (D:6)
  13 adders
  3 river rats (D:6)
  3 shadow imps
  7 oozes
  3 worms
  2 leopard geckos
  30 orcs
  2 ball pythons
  6 bats
  4 giant cockroaches
  4 goblins
  9 hobgoblins
  4 jackals (D:5)
  3 quokkas
  6 frilled lizards
  A jackal skeleton (D:6)
  12 kobolds
  A quokka skeleton (D:4)
  8 rats
191 creatures vanquished.

Vanquished Creatures (others)
  3 orcs (D:6)
3 creatures vanquished.

Grand Total: 194 creatures vanquished

Notes
Turn   | Place    | Note
-------+----------+-------------------------------------------
     0 | D:1      | Frank2 the Demigod Gladiator began the quest for the Orb.
     0 | D:1      | Reached XP level 1. HP: 17/17 MP: 3/3
   335 | D:1      | Reached skill level 3 in Axes
   473 | D:1      | Reached XP level 2. HP: 24/24 MP: 4/4
   658 | D:2      | Found a burning altar of Makhleb.
   674 | D:2      | Reached skill level 1 in Armour
   674 | D:2      | Reached XP level 3. HP: 11/29 MP: 5/5
   911 | D:2      | Found an iron altar of Okawaru.
   967 | D:2      | Noticed Jessica
   972 | D:2      | Killed Jessica
   972 | D:2      | Reached XP level 4. HP: 26/36 MP: 6/6
  1858 | D:3      | Found a runed translucent door.
  1859 | D:3      | Noticed Crazy Yiuf
  2045 | D:3      | Killed Crazy Yiuf
  2045 | D:3      | Reached skill level 4 in Axes
  2117 | D:4      | Reached XP level 5. HP: 26/42 MP: 7/7
  2818 | D:4      | Noticed Grinder
  2834 | D:4      | Paralysed by Grinder for 6 turns
  2846 | D:4      | Killed Grinder
  2846 | D:4      | Reached skill level 5 in Axes
  2846 | D:4      | Reached XP level 6. HP: 41/51 MP: 8/8
  3165 | D:5      | Entered Level 5 of the Dungeon
  3414 | D:5      | Reached XP level 7. HP: 51/57 MP: 9/9
  3678 | D:6      | Reached skill level 6 in Axes
  3728 | D:6      | Found a glowing drain.
  3733 | Sewer    | Entered a sewer
  3989 | Sewer    | Noticed Purgy
  3992 | Sewer    | Killed Purgy
  4333 | D:6      | Reached XP level 8. HP: 18/64 MP: 10/10
  4560 | D:6      | Reached skill level 7 in Axes
  4617 | D:6      | Reached skill level 5 in Armour
  5198 | D:7      | Reached skill level 8 in Axes
  5483 | D:7      | Found a staircase to the Ecumenical Temple.
  5507 | D:7      | Reached XP level 9. HP: 29/72 MP: 11/11
  5939 | D:7      | Found a shimmering altar of Xom.
  6121 | D:8      | Found a deep blue altar of Sif Muna.
  6205 | D:8      | Reached skill level 9 in Axes
  6852 | D:8      | Reached skill level 5 in Fighting
  6867 | D:8      | Found a sacrificial altar of Ru.
  7352 | D:9      | Noticed Erica
  7360 | D:9      | Killed Erica
  7360 | D:9      | Reached skill level 10 in Axes
  7360 | D:9      | Reached XP level 10. HP: 81/81 MP: 11/13
  7416 | D:9      | Noticed Pikel
  7428 | D:9      | Killed Pikel
  7428 | D:9      | Reached skill level 1 in Evocations
  7461 | D:9      | Noticed a two-headed ogre
  7471 | D:9      | Slain by a two-headed ogre

Skill      XL: |  1  2  3  4  5  6  7  8  9 10 |
---------------+-------------------------------+-----
Axes           | 3 4 5 6 8 10 | 10.3
Dodging        | 3 4 |  4.9
Fighting       | 2 3 4 5 |  5.5
Armour         | 1 2 3 4 5 6 7 |  7.0
Evocations     | 1 |  1.2
Throwing       | |  1.8

Action                   |  1- 3 |  4- 6 |  7- 9 | 10-12 || total
-------------------------+-------+-------+-------+-------++-------
Melee: War axe           |    87 |   187 |   348 |    11 ||   633
Throw: Throwing net      |     2 |     5 |     3 |       ||    10
Evoke: Wand              |       |       |     7 |    12 ||    19
  Use: Scroll            |     3 |     6 |    16 |       ||    25
       Potion            |       |     1 |    10 |       ||    11
 Stab: Held in net/web   |       |     2 |     2 |       ||     4
       Sleeping          |       |       |     1 |       ||     1
       Paralysed         |       |       |     2 |     1 ||     3
  Eat: Chunk             |       |     8 |    11 |     1 ||    20
       Ration            |       |       |     1 |       ||     1
Armor: Ring mail         |    39 |    20 |       |       ||    59
       Scale mail        |       |    68 |   112 |     7 ||   187
       Troll leather arm |       |       |    39 |       ||    39
       Skin              |       |       |    15 |       ||    15
Dodge: Dodged            |    53 |   127 |   238 |    13 ||   431
